[Event "45th FIDE Olympiad 2024"]
[Site "Budapest"]
[Date "2024.09.12"]
[Round "2.159"]
[White "Berend, Elvira"]
[Black "Lokander, Martin"]
[Result "0-1"]
[ECO "B14"]
[WhiteElo "2219"]
[BlackElo "2469"]
[Annotator "TA"]
[PlyCount "88"]
[EventDate "2024.09.05"]
[EventType "team-tourn"]
[EventCountry "HUN"]
[SourceTitle "playchess.com"]
[Source "ChessBase"]
[SourceQuality "1"]
[WhiteTeam "Luxembourg"]
[BlackTeam "Sweden"]
[WhiteTeamCountry "LUX"]
[BlackTeamCountry "SWE"]
[TimeControl "40/5400+30:1800+30"]

1. d4 Nf6 2. Nf3 c5 3. e3 d5 4. c4 cxd4 5. exd4 g6 6. Nc3 Bg7 7. cxd5 Nxd5 8. Qb3 Nb6 9. Bb5+ Bd7 10. a4 O-O 11. a5 Be6 12. Qd1 {Black is slightly better.} Nd5 13. O-O a6 14. Be2 Nc6 15. Qa4 Rc8 16. Rd1 h6 17. h3 Ncb4 (17... Qc7 $15) 18. Nxd5 Nxd5 19. Ne5 Qd6 20. Nd3 Bd7 21. Qb3 Bb5 22. Bf3 Bc4 23. Qa4 (23. Qxb7 $2 Rc7 (23... Bxd4 24. Ra4 $17) 24. Bxd5 Rxb7 (24... Bxd5 25. Qb4 $11) 25. Bxc4 Bxd4 (25... Qxd4 $2 26. Bxa6 Rd7 27. Be3 $19) 26. Bxh6 Rd8 $19) 23... Bxd4 24. Bxh6 Rfd8 25. Rac1 b5 26. axb6 $2 (26. Qc2 $1 $15) 26... Nxb6 $19 27. Qa5 e5 {Repels Bf4} ({Black should play} 27... Bxd3 $19 28. Rxd3 Rxc1+ (28... Nc4 $2 29. Qa1 $19) 29. Bxc1 Nc4 30. Rxd4 Nxa5 31. Rxd6 Rxd6) 28. Nb4 (28. Bg4 $11 {keeps the balance.} f5 29. Be2) 28... Bb3 $17 29. Rxc8 Rxc8 30. Re1 Bxb2 (30... Be6 $17 {Threatens to win with ...Nc4.} 31. Nd3 Nc4) 31. Nc6 {[#]} Nd5 $1 ({And not} 31... Rxc6 32. Bxc6 Bd4 (32... Qxc6 $2 {too greedy.} 33. Qb4 $18) 33. Bb7 $18) 32. Bxd5 Bxd5 33. Ne7+ Qxe7 34. Qxd5 Qf6 $36 {[%mdl 2048] Black is in control.} 35. Be3 Rd8 36. Qa5 Bd4 37. Qa3 Kg7 38. Qc1 a5 {Black is more active.} 39. Bh6+ Kh7 40. Rf1 Qf5 {[#] ...Rc8 is the strong threat.} 41. Bg5 $2 (41. Be3) 41... Rc8 $19 {Black is clearly winning.} 42. Qd2 Rc2 43. g4 Rxd2 44. gxf5 Rd3 {Weighted Error Value: White=0.38/Black=0.30.  Loses game:     	White=1     	---        Missed win:     	---       	Black=1      Mistake:       	White=3     	Black=2      Inaccurate:     	White=4     	---        OK:         	White=12    	Black=10     Best:        	---       	Black=4      Strong:       	---       	Black=1} 0-1

[Event "45th FIDE Olympiad 2024"]
[Site "Budapest"]
[Date "2024.09.12"]
[Round "2.160"]
[White "Pantzar, Milton"]
[Black "Mertens, Marc"]
[Result "1-0"]
[ECO "D91"]
[WhiteElo "2437"]
[BlackElo "2120"]
[Annotator "TA"]
[PlyCount "105"]
[EventDate "2024.09.05"]
[EventType "team-tourn"]
[EventCountry "HUN"]
[SourceTitle "playchess.com"]
[Source "ChessBase"]
[SourceQuality "1"]
[WhiteTeam "Sweden"]
[BlackTeam "Luxembourg"]
[WhiteTeamCountry "SWE"]
[BlackTeamCountry "LUX"]
[TimeControl "40/5400+30:1800+30"]

1. d4 Nf6 2. c4 g6 3. Nc3 d5 4. Nf3 Bg7 5. Bg5 Ne4 6. Bf4 c5 7. cxd5 Qa5 (7... Nxc3 $11 {should be considered.} 8. bxc3 Qxd5) 8. Be5 cxd4 (8... f6 $14 9. Bc7 b6) 9. Qxd4 $16 Nxc3 {[#]} (9... Nf6 $16) 10. b4 $1 $18 ({Don't take} 10. bxc3 $6 f6 11. Qc4 Na6 $16) (10. Bxg7 $6 Nxd5+ 11. b4 Nxb4 $14) 10... Nb5 (10... Qxd5 $2 {too greedy.} 11. Bxg7 (11. Qxc3 f6 $18) 11... Qxd4 12. Bxd4 $18) 11. bxa5 Nxd4 12. Bxg7 Nxf3+ 13. exf3 Rg8 {Black is weak on the dark squares} 14. Bd4 e6 15. Rc1 Bd7 16. dxe6 fxe6 17. Bc4 Nc6 18. Bc3 Ne7 19. O-O {White is more active.} Nd5 (19... Rc8 $16 20. Bb3 Rf8) 20. Bd4 {Black must now prevent Bxd5.} Bc6 21. Rfe1 Kd7 22. Bb3 a6 23. Be5 Rac8 24. h3 Bb5 25. Kh2 Rc6 (25... Rxc1 $16 26. Rxc1 Rc8 27. Rxc8 Kxc8) 26. Red1 (26. Rb1 $18 {Threatens to win with a4.} Rc5 27. Bd4) 26... Rgc8 (26... Rxc1 $16 {was worth a try.} 27. Rxc1 Rc8) 27. Rb1 {[%cal Oa2a4] aiming for a4!} Rc5 {[#]} 28. Bd4 $1 {[%cal Oa2a4] Strongly threatening a4!} R5c6 29. Be5 (29. Re1 $18) 29... Rc5 $16 30. Bd4 (30. Bf4 $16) 30... R5c6 $1 $18 31. a4 Bc4 32. Be5 b5 33. axb5 Bxb5 34. f4 Rc5 35. Bd4 {A strong pair of Bishops.} R5c6 36. Be5 (36. Bf6 $16) 36... Ke7 $2 (36... Rc5 $11) 37. Bxd5 $16 exd5 38. Rxd5 Rc2 39. Bd4 Kf7 40. f5 Re8 41. fxg6+ hxg6 42. Rd6 Re6 43. Rxe6 Kxe6 $18 {[%mdl 4096] Endgame. KRB-KRB} 44. Rb3 Ra2 45. Bb6 Rc2 46. Rg3 Kf5 47. Rf3+ Ke5 48. Re3+ Kd5 49. Re7 Rc3 50. Rg7 Bd3 51. Kg3 Ra3 (51... Bf1+ {keeps fighting.} 52. Kh2 Bd3) 52. h4 Ra4 $2 (52... Ke6 53. Kh3 Kf6) 53. Rd7+ {Weighted Error Value: White=0.21 (precise) /Black=0.22 (precise) .  Mistake:       	White=4     	Black=9      OK:         	White=15    	Black=13     Best:        	White=2     	Black=2      Strong:       	White=2     	Black=1} 1-0

[Event "45th FIDE Olympiad 2024"]
[Site "Budapest"]
[Date "2024.09.12"]
[Round "2.161"]
[White "Makhnev, Denis"]
[Black "Bagheri, Amir"]
[Result "1/2-1/2"]
[ECO "E11"]
[WhiteElo "2551"]
[BlackElo "2372"]
[Annotator "TA"]
[PlyCount "60"]
[EventDate "2024.09.05"]
[EventType "team-tourn"]
[EventCountry "HUN"]
[SourceTitle "playchess.com"]
[Source "ChessBase"]
[SourceQuality "1"]
[WhiteTeam "Kazakhstan"]
[BlackTeam "Monaco"]
[WhiteTeamCountry "KAZ"]
[BlackTeamCountry "MNC"]
[TimeControl "40/5400+30:1800+30"]

1. d4 Nf6 2. c4 e6 3. Nf3 Bb4+ 4. Bd2 a5 5. a3 Bxd2+ 6. Qxd2 b6 7. Nc3 Bb7 8. e3 Ne4 9. Nxe4 Bxe4 10. Bd3 Bxd3 11. Qxd3 d6 12. g4 Nd7 13. h4 h6 14. Ke2 a4 15. g5 Ra5 16. Rhg1 Qa8 17. Rg3 Nf8 (17... Rf5 {with more complications.} 18. Rd1 g6 19. h5 hxg5 20. hxg6 g4) 18. Rag1 h5 {[#]} (18... hxg5 $5 19. Rxg5 Rxg5 20. Rxg5 g6 $16) 19. g6 $1 {Strongly threatening gxf7+.} f6 20. Rd1 Nd7 21. d5 ({White should try} 21. Nd2 $11) 21... Nc5 $15 22. Qc2 e5 {Against Nd4} 23. Nd2 Kd8 24. e4 b5 25. b4 $2 (25. Kf1 $11 {and White is okay.}) 25... axb3 $19 26. Nxb3 Rxa3 (26... Nxb3 27. Rxb3 bxc4 28. Qxc4 $11) 27. Rd2 {[#] Threatens to win with Nxc5.} (27. cxb5 $2 {too greedy.} Ra2 $19) 27... b4 $2 (27... Nxb3 28. Rxb3 Rh6 29. cxb5 Rxg6 30. Rxa3 Qxa3 31. Qc4) (27... Nd7 $1 $19 {aiming for ...Qa6.} 28. c5 (28. cxb5 $2 {is the wrong capture.} Qa4 $19) 28... Qa4 29. cxd6 cxd6) 28. Nxc5 $11 {The position is equal.} dxc5 29. Rxa3 Qxa3 30. d6 $1 Qa6 {Weighted Error Value: White=0.23 (precise) /Black=0.24 (precise) .  Loses game:     	White=1     	---        Missed win:     	---       	Black=1      Mistake:       	White=1     	---        Inaccurate:     	White=2     	Black=2      OK:         	White=8     	Black=9      Best:        	White=2     	Black=2      Strong:       	White=1     	---        Brilliant:      	White=1     	---} 1/2-1/2

[Event "45th FIDE Olympiad 2024"]
[Site "Budapest"]
[Date "2024.09.12"]
[Round "2.162"]
[White "Efimov, Igor"]
[Black "Suleymenov, Alisher"]
[Result "0-1"]
[ECO "D02"]
[WhiteElo "2338"]
[BlackElo "2484"]
[Annotator "TA"]
[PlyCount "64"]
[EventDate "2024.09.05"]
[EventType "team-tourn"]
[EventCountry "HUN"]
[SourceTitle "playchess.com"]
[Source "ChessBase"]
[SourceQuality "1"]
[WhiteTeam "Monaco"]
[BlackTeam "Kazakhstan"]
[WhiteTeamCountry "MNC"]
[BlackTeamCountry "KAZ"]
[TimeControl "40/5400+30:1800+30"]

1. Nf3 Nf6 2. d4 g6 3. g3 Bg7 4. Bg2 d5 5. O-O O-O 6. Nbd2 a5 7. b3 a4 8. Ba3 c6 9. e3 {The position is equal.} Bf5 10. Ne5 Nbd7 11. g4 Nxe5 12. gxf5 Neg4 13. Qf3 {[#]} (13. h3 $15 axb3 14. Qc1 (14. axb3 Nh6 $15)) 13... Nh6 ({Black should try} 13... axb3 $1 $17 14. axb3 Nxh2 15. Kxh2 Rxa3 16. Rxa3 Qd6+ 17. Qg3 Qxa3) 14. fxg6 $1 $15 hxg6 15. Qh3 {White is on the road to losing.} Re8 16. f4 ({Better is} 16. Bb2) 16... axb3 17. axb3 Qa5 18. b4 Qb5 19. Rfe1 {[#]} Ra4 $1 20. Bf1 Qb6 {aiming for ...Rea8. Black is more active.} 21. b5 Qa5 22. Nb3 Qc3 $36 {[%cal Oa4a3][%mdl 2048] Threatens to win with ...Rxa3! Black is on the roll.} 23. e4 (23. Reb1 $17) 23... Nxe4 (23... Qxc2 $2 24. Re2 $18) 24. Qxc3 Nxc3 25. bxc6 bxc6 (25... Bxd4+ $2 {loses.} 26. Nxd4 bxc6 27. Nxc6 $18) 26. Bb2 Rxa1 (26... Bxd4+ 27. Nxd4 Rxd4 28. Bxc3 Rxf4 29. Rxe7 $16) 27. Rxa1 Ne4 28. Ra7 {[#]} c5 $1 {[%mdl 512] Strongly threatening ...c4.} 29. Na5 (29. Bd3 c4) 29... Rb8 30. Nb7 $2 (30. Rb7 Rxb7 (30... Bxd4+ $2 31. Bxd4 Rxb7 32. Nxb7 $19) 31. Nxb7) 30... Nf5 {Black is clearly winning.} 31. Bd3 Nxd4 {A dynamic duo of knights.} 32. Kg2 Nc6 {[%csl LRa7,LRb2] Weighted Error Value: White=0.47/Black=0.08 (flawless) .  Mistake:       	White=4     	Black=1      Inaccurate:     	White=2     	---        OK:         	White=5     	Black=15     Best:        	White=2     	---        Strong:       	White=1     	---} 0-1

[Event "45th FIDE Olympiad 2024"]
[Site "Budapest"]
[Date "2024.09.12"]
[Round "2.163"]
[White "Zhalmakhanov, Ramazan"]
[Black "Levacic, Damir"]
[Result "1-0"]
[ECO "B06"]
[WhiteElo "2497"]
[BlackElo "2097"]
[Annotator "TA"]
[PlyCount "67"]
[EventDate "2024.09.05"]
[EventType "team-tourn"]
[EventCountry "HUN"]
[SourceTitle "playchess.com"]
[Source "ChessBase"]
[SourceQuality "1"]
[WhiteTeam "Kazakhstan"]
[BlackTeam "Monaco"]
[WhiteTeamCountry "KAZ"]
[BlackTeamCountry "MNC"]
[TimeControl "40/5400+30:1800+30"]

1. e4 g6 2. d4 Bg7 3. Nc3 d6 4. f4 a6 5. Nf3 Nd7 6. e5 ({Better is} 6. Bc4 $14 e6 7. f5) 6... Nh6 $11 7. Bd3 c5 8. e6 {The position is equal.} fxe6 9. Ng5 Nf8 10. dxc5 d5 (10... dxc5 $11 11. Bd2 Rb8) 11. Na4 $1 $36 {[%mdl 2048] Keeping Black busy. White has more active pieces.} Rb8 (11... Qa5+ $16 {is a better defense.} 12. c3 Bd7) 12. c3 $18 Qc7 13. O-O Bd7 (13... Qc6 $16 14. Be3 Nf7) 14. Be3 $1 Nf5 (14... Bxa4 {keeps fighting.} 15. Qxa4+ Qc6) 15. Bxf5 $1 exf5 16. Nb6 Bc6 {Black is weak on the dark squares} (16... Ne6 {might work better.} 17. Nxe6 (17. Qxd5 Nxg5 18. Nxd7 Qxd7 $16) (17. Nxd5 Qc6 $18) 17... Bxe6) 17. Bd4 (17. Nxd5 Qd8 18. c4 Rg8 $18) 17... Rg8 18. Qb3 Rd8 19. Rae1 h6 20. Ne6 Nxe6 21. Rxe6 Kf7 22. Rfe1 Rge8 $2 {[#]} (22... Bxd4+ {is a better chance.} 23. cxd4 Qxf4) 23. R1e5 $2 Bf6 $2 {This costs Black the game.} (23... Bxe5 $16 24. Bxe5 Qxb6 25. Qxb6 Kxe6) 24. Nxd5 Bxd5 25. Rxd5 Bxd4+ 26. cxd4 Kg7 $2 {[#]} (26... Rxd5 27. Qxd5 Kg7) 27. Qg3 $1 g5 (27... Rxd5 28. Qxg6+) 28. Rxf5 {Intending Qh3 and mate.} ({Weaker is} 28. fxg5 Qxg3 29. Rxd8 Qh4 30. Rxe8 Qxd4+ (30... Qxg5 $2 {loses.} 31. R6xe7+ Kf6 32. Re3 $18) 31. Kf1 Qc4+ (31... Qxc5 $2 {too greedy.} 32. gxh6+ Kh7 33. R8xe7+ Kh8 34. b3 $18) 32. Re2 Qf4+ (32... Qxa2 $2 33. R8xe7+ Kg6 34. gxh6 $18) 33. Kg1 Qc1+ 34. Kf2 Qf4+ 35. Kg1 Qc1+ 36. Kf2 Qf4+ 37. Ke1 Qc1+ 38. Kf2 $11) 28... Rxd4 {[#]} 29. Rxg5+ $1 Kf7 {[#]} 30. Qb3 $1 Rd1+ {White is clearly winning.} (30... hxg5 31. Rc6+) 31. Re1+ e6 32. Qxd1 (32. Rf5+ $142 Kg7 33. Qxd1) 32... hxg5 33. Qh5+ Kf8 34. Qh8+ {Weighted Error Value: White=0.60/Black=0.58.  Missed win:     	White=1     	---        Mistake:       	---       	Black=8      Inaccurate:     	White=1     	Black=1      OK:         	White=5     	Black=7      Best:        	White=2     	Black=1      Strong:       	White=2     	---} 1-0

[Event "45th FIDE Olympiad 2024"]
[Site "Budapest"]
[Date "2024.09.12"]
[Round "2.164"]
[White "Meylan, Andre"]
[Black "Ansat, Aldiyar"]
[Result "0-1"]
[ECO "B73"]
[WhiteElo "2165"]
[BlackElo "2457"]
[Annotator "TA"]
[PlyCount "120"]
[EventDate "2024.09.05"]
[EventType "team-tourn"]
[EventCountry "HUN"]
[SourceTitle "playchess.com"]
[Source "ChessBase"]
[SourceQuality "1"]
[WhiteTeam "Monaco"]
[BlackTeam "Kazakhstan"]
[WhiteTeamCountry "MNC"]
[BlackTeamCountry "KAZ"]
[TimeControl "40/5400+30:1800+30"]

1. e4 c5 2. Nf3 d6 3. d4 cxd4 4. Nxd4 Nf6 5. Nc3 Nc6 6. Be2 g6 7. Be3 Bg7 8. O-O O-O 9. f4 Qb6 10. Qd3 Ng4 11. Bxg4 Bxd4 12. Nd5 Bxe3+ (12... Qxb2 $2 {too greedy.} 13. Nxe7+ Nxe7 14. Bxd4 $18) 13. Qxe3 Qxe3+ (13... Qxb2 {looks sharper.} 14. f5 Qe5 15. f6 Kh8) 14. Nxe3 Bxg4 15. Nxg4 {The position is equal.} f6 16. c3 b5 17. Ne3 Kf7 18. Rad1 h5 19. Rf3 Rac8 20. Nc2 a5 21. Nd4 Nxd4 22. Rxd4 $15 {[%mdl 4096] Endgame. KRR-KRR} Rc5 23. Rfd3 Rb8 24. Kf2 b4 25. cxb4 axb4 26. Rb3 Rc2+ 27. Kf3 Ra8 28. a3 (28. Rdxb4 $11 Rxa2 29. Rb8) 28... bxa3 $17 29. bxa3 Ra2 30. Rdd3 h4 31. Re3 Ra4 32. h3 Ke6 33. Rbd3 Ra1 {Black is much more active.} (33... f5 $17 34. exf5+ Kxf5) 34. Rb3 Ra5 35. Rbd3 {White is on the road to losing.} g5 {[#] aiming for ...Rf1+.} 36. f5+ Kf7 37. Rb3 ({Better is} 37. g3) 37... Ra2 38. Red3 Re5 39. Rbc3 Ra1 40. Rd4 Rf1+ 41. Ke2 (41. Ke3 $17 {was worth a try.}) 41... Rfxf5 $19 42. Rf3 Rxf3 43. Kxf3 {KR-KR} (43. gxf3 {keeps fighting.} Rc5 44. a4) 43... Rc5 44. Ra4 (44. Ke3 {was called for.}) 44... d5 45. exd5 Rxd5 46. Ra7 f5 47. a4 Rd3+ 48. Ke2 Ra3 49. a5 Kf6 50. a6 e6 51. Ra8 (51. Kf1 $142 Ke5 52. Kf2) 51... Ke5 {Strongly threatening ...Kf4.} 52. a7 {[#]} Kf4 $1 53. Re8 Rxa7 54. Rxe6 Kg3 55. Re5 Ra2+ 56. Kf1 Rf2+ {Black mates.} 57. Kg1 Rxg2+ 58. Kh1 Rd2 59. Re3+ Kf4 60. Ra3 Rf2 {Weighted Error Value: White=0.71/Black=0.12 (very precise) .  Mistake:       	White=6     	Black=1      Inaccurate:     	White=4     	---        OK:         	White=10    	Black=18     Best:        	---       	Black=4} 0-1

[Event "45th FIDE Olympiad 2024"]
[Site "Budapest"]
[Date "2024.09.12"]
[Round "2.165"]
[White "Khusenkhojaev, Mustafokhuja"]
[Black "Neiksans, Arturs"]
[Result "1-0"]
[ECO "A88"]
[WhiteElo "2283"]
[BlackElo "2571"]
[Annotator "TA"]
[PlyCount "87"]
[EventDate "2024.09.05"]
[EventType "team-tourn"]
[EventCountry "HUN"]
[SourceTitle "playchess.com"]
[Source "ChessBase"]
[SourceQuality "1"]
[WhiteTeam "Tajikistan"]
[BlackTeam "Latvia"]
[WhiteTeamCountry "TJK"]
[BlackTeamCountry "LAT"]
[TimeControl "40/5400+30:1800+30"]

1. d4 f5 2. Nf3 Nf6 3. g3 g6 4. Bg2 Bg7 5. O-O O-O 6. c4 d6 7. Nc3 c6 8. Rb1 a5 9. Qb3 h6 10. Rd1 Nbd7 11. Qc2 {White is slightly better.} Qe8 12. d5 Nc5 13. Be3 cxd5 14. cxd5 (14. Bxc5 $14 dxc5 15. cxd5 (15. Nxd5 Nxd5 16. cxd5 b6 $14)) 14... a4 (14... f4 $11 {keeps the balance.} 15. Bxc5 (15. Bxf4 Bf5 $11) 15... Bf5) 15. Rbc1 (15. Bxc5 $16 dxc5 16. b4) 15... b6 $11 16. h3 Nh5 17. Bd4 Bd7 18. Bxg7 Kxg7 19. Nd4 f4 20. g4 Nf6 21. b4 axb3 22. axb3 g5 23. b4 Na6 {This move loses the game for Black.} (23... Na4 $16) 24. Qb2 $36 {[%mdl 2048] White is in control.} h5 (24... Nc7 $142 25. Re1 h5) 25. Ne6+ $18 Bxe6 26. dxe6 hxg4 27. hxg4 (27. Bxa8 Qxa8 28. Nd5 gxh3 $18) 27... Nc7 28. Bxa8 Qxa8 29. f3 Nxe6 30. Nd5 Qb7 31. Kg2 b5 32. Rd2 Rf7 33. Rh1 Qc6 34. Rh5 Kf8 35. Nxf6 Rxf6 36. Rh7 {Active counter play!} (36. Rc2 $142 Qd5 37. Rh7) 36... Ke8 37. Rc2 Qa6 38. Qc3 Nf8 (38... Rf8 $142 39. Qd2 Kd7) 39. Rh8 Kf7 40. Rh5 Rg6 41. Qd3 {[#] Strongly threatening Qd5+.} Qa4 42. Rc7 (42. Qf5+ $142 Rf6 43. Qd5+ (43. Qxg5 $2 {perishes.} Qxc2 44. Kf2 Re6 $19) 43... Re6 44. Rc8 Qa1 45. Rxf8+ (45. Qxb5 Rxe2+ 46. Qxe2 Qf6 $18) 45... Kxf8 46. Qxe6 Qf6 47. Qc8+ Kg7 48. Qh8+ Kf7 49. Rh7+ Ke6 50. Rh6) 42... Qa2 43. Qf5+ Kg8 44. Rxe7 {Weighted Error Value: White=0.73/Black=0.66.  Mistake:       	White=2     	Black=4      Inaccurate:     	White=2     	Black=5      OK:         	White=13    	Black=8      Best:        	White=1     	Black=1} ({Stronger than} 44. Rxg5 Qxe2+ 45. Kg1 Qe1+ 46. Kg2 Qg3+ 47. Kf1 Qxf3+ 48. Kg1 Qe3+ 49. Kf1 Kg7 $11) 1-0

[Event "45th FIDE Olympiad 2024"]
[Site "Budapest"]
[Date "2024.09.12"]
[Round "2.166"]
[White "Meshkovs, Nikita"]
[Black "Karimov, Alisher"]
[Result "1-0"]
[ECO "A45"]
[WhiteElo "2534"]
[BlackElo "2240"]
[Annotator "TA"]
[PlyCount "95"]
[EventDate "2024.09.05"]
[EventType "team-tourn"]
[EventCountry "HUN"]
[SourceTitle "playchess.com"]
[Source "ChessBase"]
[SourceQuality "1"]
[WhiteTeam "Latvia"]
[BlackTeam "Tajikistan"]
[WhiteTeamCountry "LAT"]
[BlackTeamCountry "TJK"]
[TimeControl "40/5400+30:1800+30"]

1. d4 Nf6 2. Bg5 Ne4 3. h4 c5 4. Nd2 Nxg5 5. d5 {[#]} Ne6 $1 6. dxe6 dxe6 7. h5 Nc6 8. e3 {Black is slightly better.} e5 (8... a6 $15) 9. Qf3 $1 $11 e6 10. O-O-O Qd5 11. Bb5 Qxf3 (11... Bd7 $5) 12. Ngxf3 f6 (12... Bd7 $11 {remains equal.}) 13. Ne4 $16 Be7 14. Bxc6+ bxc6 15. Nd6+ Bxd6 16. Rxd6 Bd7 17. Rhd1 O-O-O 18. Nd2 $1 {Ne4 would now be deadly. White is much more active.} Be8 19. Rxd8+ (19. Rxe6 Bxh5 20. Rh1 (20. Rxc6+ $2 Kb7 $19) 20... Kd7 $15) 19... Kxd8 {[%mdl 4096] Endgame. KRB-KRN} 20. Ne4+ Kc8 21. Nxc5 (21. h6 gxh6 22. Rd6 (22. Nxc5 Rg8 $16) (22. Nxf6 Rf8 $16) 22... Kc7 23. Rxe6 Rf8 24. Nxc5 (24. Rxf6 Rxf6 25. Nxf6 Bg6 $18) (24. Re7+ Kb6 $18) 24... a5 $14) 21... Bxh5 22. Rd6 ({Of course not} 22. Rd7 $6 Rd8 23. Rxd8+ (23. Rxa7 $2 Rd1#) 23... Kxd8 $14) 22... Rd8 (22... Be2 $142 23. Rxc6+ (23. Rxe6 h5 $16) 23... Kb8 24. Rxe6 (24. Nxe6 Bf1 $16) 24... Bf1) 23. Rxc6+ (23. Rxe6 $2 Rd1#) (23. Rxd8+ Kxd8 24. Nxe6+ Ke7 25. Nxg7 Bg6 $17) 23... Kb8 24. f3 $1 (24. Rxe6 $2 Rd1#) 24... Rc8 {[#]} (24... e4 $142 25. Nxe4 (25. Nxe6 exf3 26. gxf3 Rd7 $14) 25... e5) 25. Nd7+ (25. Rxc8+ $1 $18 Kxc8 26. Nxe6) 25... Kb7 {[#]} 26. Rxe6 ({Better is} 26. Rxc8 $1 $16 Kxc8 27. Nc5) 26... Rc7 $1 $11 27. Rd6 {b4 is the strong threat.} Be8 {Black is on the road to losing.} (27... e4 $1 $11) 28. Nf8 $16 h5 (28... Rc6 $16 29. Rxc6 Kxc6) 29. Ne6 $18 Re7 30. c4 {Inhibits Bb5.} h4 31. Kd2 Kc8 (31... Bf7 $142) 32. Rd8+ Kb7 33. Nc5+ Kc7 34. Ra8 Kb6 35. b4 Bc6 36. Rb8+ Kc7 37. Na6+ Kd6 {White is clearly winning.} 38. b5 Bb7 39. Rd8+ Ke6 40. Nc5+ Kf5 (40... Kf7 $142 41. e4 Rc7 42. Nxb7 Rxb7) 41. Rb8 e4 {[%cal Oe4f3] And now ...exf3! would win.} 42. Nxb7 exf3 43. gxf3 {KRN-KR} g5 44. Nd6+ Ke5 45. Ne4 g4 46. Rh8 gxf3 47. Nf2 Rg7 48. Nd3+ {Weighted Error Value: White=0.09 (flawless) /Black=0.33.  Mistake:       	White=2     	Black=8      Inaccurate:     	---       	Black=4      OK:         	White=22    	Black=8      Best:        	White=4     	Black=3      Strong:       	White=2     	Black=1} 1-0

[Event "45th FIDE Olympiad 2024"]
[Site "Budapest"]
[Date "2024.09.12"]
[Round "2.167"]
[White "Ilkhomi, Jaloliddin"]
[Black "Kantans, Toms"]
[Result "1/2-1/2"]
[ECO "A34"]
[WhiteElo "2227"]
[BlackElo "2486"]
[Annotator "TA"]
[PlyCount "120"]
[EventDate "2024.09.05"]
[EventType "team-tourn"]
[EventCountry "HUN"]
[SourceTitle "playchess.com"]
[Source "ChessBase"]
[SourceQuality "1"]
[WhiteTeam "Tajikistan"]
[BlackTeam "Latvia"]
[WhiteTeamCountry "TJK"]
[BlackTeamCountry "LAT"]
[TimeControl "40/5400+30:1800+30"]

1. Nf3 Nf6 2. c4 c5 3. Nc3 Nc6 4. g3 d5 5. cxd5 Nxd5 6. Bg2 Nc7 7. O-O e5 8. d3 Be7 9. Nd2 O-O 10. Nc4 f6 11. f4 exf4 {A34: Symmetrical English: 2 Nc3, lines with ...d5.} 12. gxf4 (12. Bxf4 $142 Ne6 13. Bd2) 12... f5 13. Be3 Qe8 $146 ({Predecessor:} 13... Be6 14. Bf2 Nd5 15. Nxd5 Bxd5 16. Nd2 Bxg2 17. Kxg2 Qd5+ 18. Nf3 Bf6 19. Qc2 b6 {½-½ Schachinger,M (2350)-Likavsky,T (2476) AUT-chT 0910 2009 (7.5)}) 14. Ne5 Nxe5 15. fxe5 Be6 16. Bxb7 Rb8 17. Bg2 Rxb2 18. Na4 Rb5 19. Qc2 (19. Qc1 $1 $11 {remains equal.}) 19... Nd5 $1 $17 20. Bd2 Nb4 21. Bxb4 (21. Qc1 $17 {keeps fighting.}) 21... cxb4 $19 (21... Rxb4 22. Nxc5 Qc8 23. Rac1 $11) 22. d4 Ra5 $1 23. Nc5 Bxc5 24. dxc5 Qb8 25. c6 Qxe5 (25... Rxe5 26. Rac1 $15) 26. Qb1 Qd4+ (26... Qxe2 27. Qxb4 Qe3+ (27... Rxa2 28. Rxa2 Qxa2 29. c7 $11) 28. Kh1 $11) 27. Kh1 Bd5 28. Qd3 (28. Rd1 $17 Bxg2+ 29. Kxg2 Qg4+ 30. Kh1) 28... Qxd3 29. exd3 Rc8 (29... Bxa2 $2 30. Rxa2 Rc5 31. d4 $18 (31. Rxa7 Rc2 $18)) 30. Bxd5+ Rxd5 31. Rac1 Rc7 (31... Rxd3 32. Rxf5 Rd6 33. c7 $17) 32. Rc4 a5 (32... Rxd3 33. Rxf5 Rd6 34. Rfc5 $15) 33. d4 Kf7 34. Re1 {[#]} g6 $1 35. Kg2 Kf6 36. Kf3 Rd6 37. Rec1 Ke6 38. Ke3 {[#]} (38. h4 $17) 38... Rd5 $1 $19 39. Rc5 a4 (39... Rxc5 $19 40. Rxc5 Kd6 41. Rxa5 Rxc6) 40. Kd3 $17 Rxc5 ({Don't play} 40... Kd6 41. Rxd5+ Kxd5 42. Rc5+ Kd6 43. Rb5) 41. Rxc5 Kd6 42. Rb5 Rxc6 43. Rxb4 Rc1 44. Rxa4 Rh1 45. Ra6+ Kd5 46. Ra5+ Kc6 47. Rc5+ Kd6 48. Rc2 Rf1 49. Ke3 g5 50. a4 f4+ ({Black should play} 50... Ra1 $15 51. Rc5 Ra3+ (51... Rxa4 52. Rxf5 Ra2 53. Rxg5 $11) 52. Kf2 Ke6 (52... Rxa4 53. Rxf5 Rxd4 54. Rxg5 $11) 53. Rc6+ Kd5) 51. Ke4 $11 f3 52. a5 g4 53. a6 Ra1 54. Kf4 h5 55. h3 Kd5 56. hxg4 hxg4 57. Rf2 Rxa6 58. Kxg4 Ke4 59. Rxf3 Rg6+ 60. Kh5 Kxf3 1/2-1/2